Cogmind - Beta 13 @@@ ROGUE MODE // 2024.07.30 @ 21:34:23 Player: CanadianCogs Result: Core destroyed Performance ------------- Evolutions (2) 1000 Regions Visited (6) 1200 Robots Destroyed (15) 75 Value Destroyed (436) 436 Prototype IDs (4) 80 Alien Tech Used (0) 0 Bonus (577) 577 TOTAL SCORE: 3368 Bonus ------- Follower Combat Kills 99 Entered Garrisons 200 Aligned with FarCom 300 Friendly Fire -22 Cogmind --------- Core Integrity 0/550 Matter 80/300 Energy 287/290 System Corruption 2% Temperature Critical (796) Movement Walking (90) Location -8/Garrison Parts ------- > --- POWER (1) -------- Reinforced Deuterium Engine > --- PROPULSION (2) --- Potential Leg Potential Leg > --- UTILITY (6) ------ Medium Storage Unit Kinecellerator Hardened Heavy Armor Plating Improved Light Armor Plating > --- WEAPON (2) ------- Light Cannon > --- INVENTORY (10) --- High-powered Shotgun Mini Assault Cannon Mini Assault Cannon Heavy Rocket Launcher Great Axe Gamma Bomb Trap Gamma Bomb Trap Gamma Bomb Trap Gamma Bomb Trap Gamma Bomb Trap Peak State ------------ > --- POWER ------------ Reinforced Deuterium Engine > --- PROPULSION ------- Potential Leg Potential Leg > --- UTILITY ---------- Medium Storage Unit Seismic Detector Kinecellerator Medium Armor Plating Hardened Heavy Armor Plating > --- WEAPON ----------- Light Cannon Mini Assault Cannon > --- INVENTORY -------- Improved Light Armor Plating High-powered Shotgun Light Cannon Mini Assault Cannon Heavy Rocket Launcher Great Axe EMP Trap EMP Trap EMP Trap [Rating: 48] Favorites ----------- Power Ion Engine Engine Ion Engine Propulsion Aluminum Leg Leg Aluminum Leg Utility Medium Storage Unit Device Seismic Detector Storage Medium Storage Unit Protection Hardened Heavy Armor Plating Weapon Light Cannon Energy Gun Medium Laser Energy Cannon Latent Energy Streamer Ballistic Gun Assault Rifle Ballistic Cannon Light Cannon Slashing Weapon Longsword +1 Build | -11 -10 -10 -10 -9 -8 -8 ------- Run | Yrd Mat Min Exi Min Mat Gar Slots Evolved 4 | . . . . . 4 . Power . | . . . . . . . Propulsion . | . . . . . . . Utility 4 | . . . . . 4 . Weapon . | . . . . . . . Parts Attached 29 | 7 3 2 7 2 8 . Power 2 | 1 . . . 1 . . Engine 2 | 1 . . . 1 . . Core . | . . . . . . . Reactor . | . . . . . . . Propulsion 4 | 2 . . 2 . . . Treads . | . . . . . . . Leg 4 | 2 . . 2 . . . Wheel . | . . . . . . . Hover . | . . . . . . . Flight . | . . . . . . . Utility 8 | 2 1 . . . 5 . Device 2 | 1 . . . . 1 . Storage 2 | 1 1 . . . . . Processor . | . . . . . . . Hackware . | . . . . . . . Protection 4 | . . . . . 4 . Artifact . | . . . . . . . Weapon 15 | 2 2 2 5 1 3 . Energy Gun 1 | 1 . . . . . . Energy Cannon 1 | . . . 1 . . . Ballistic Gun 2 | 1 1 . . . . . Ballistic Cannon 10 | . 1 2 3 1 3 . Launcher . | . . . . . . . Special Weapon . | . . . . . . . Impact Weapon . | . . . . . . . Slashing Weapon 1 | . . . 1 . . . Piercing Weapon . | . . . . . . . Special Melee Weapon . | . . . . . . . Unidentified Prototypes 4 | . . . 3 . 1 . Parts Lost 4 | . . . 1 . 2 1 Power 1 | . . . 1 . . . Propulsion . | . . . . . . . Utility 2 | . . . . . 2 . Weapon 1 | . . . . . . 1 Highest Loss Streak 1 | . . . 1 . 1 1 To Critical Strikes . | . . . . . . . Average Slot Usage (%) 94 | . 100 99 90 97 85 80 Engine 12 | . 14 14 13 12 9 9 Leg 25 | . 28 28 27 28 18 18 Device 13 | . 14 14 14 14 14 9 Storage 12 | . 14 14 14 14 9 9 Protection 4 | . . . . . 17 18 Energy Gun 6 | . 14 13 . . . . Ballistic Gun 6 | . 10 13 . . . . Ballistic Cannon 11 | . 4 1 19 28 17 17 Naked Turns . | . . . . . . . Heaviest Build 63 | 15 20 22 22 32 63 58 Greatest Support 60 | 20 20 20 60 60 60 60 Greatest Overweight (x) 1 | . . 1 1 . 1 . Average Overweight (x) . | . . . . . . . Largest Inventory Capacity 10 | 8 10 10 10 10 10 10 Average Capacity 9 | 7 9 10 10 10 10 10 Most Carried 10 | 5 3 10 10 10 10 10 Average Carried 6 | . 2 6 9 9 7 7 Final Capacity 10 | 8 10 10 10 10 10 10 Final Carried 10 | . 3 10 9 10 5 10 Class Distribution -------------------- 100% | Mutant Dominant Class ---------------- Mutant | -10/Materials Mutant | -10/Mines Mutant | -10/Exiles Mutant | -9/Mines Mutant | -8/Materials Mutant | -8/Garrison Resources | -11 -10 -10 -10 -9 -8 -8 ----------- Run | Yrd Mat Min Exi Min Mat Gar Matter Collected 699 | 309 . 89 . 149 146 6 Remotely . | . . . . . . . Salvage Created 532 | 101 . 15 . 95 291 30 Parts 24 | 8 . . . 6 8 2 Haulers Intercepted . | . . . . . . . Recyclers Shooed . | . . . . . . . Parts Field Recycled . | . . . . . . . Retrieved Matter . | . . . . . . . Parts Self-Destructed . | . . . . . . . Prevented . | . . . . . . . Kills | -11 -10 -10 -10 -9 -8 -8 ------- Run | Yrd Mat Min Exi Min Mat Gar Combat Hostiles Destroyed 12 | . . 1 . 4 5 2 Guns 1 | . . 1 . . . . Cannons 10 | . . . . 4 4 2 AOE 1 | . . . . . 1 . Classes Destroyed 8 | 2 . 1 . 2 3 . Tunneler 2 | 2 . . . . . . Recycler 2 | 1 . . . . 1 . Swarmer 3 | . . . . 2 1 . Grunt 4 | . . . . . 2 2 Duelist 1 | . . . . . 1 . Sentry 2 | . . . . 2 . . Hunter 1 | . . . . . 1 . Assembled 1 | . . 1 . . . . Best Kill Streak 6 | 2 . 1 . 2 6 1 Combat Bots Only 5 | . . 1 . 2 5 1 Max Kills in Single Turn 2 | 1 . 1 . 1 2 1 Gunslinging . | . . . . . . . Exploded 1 | . . . . . 1 . Melee . | . . . . . . . Uniques/NPCs Destroyed 1 | . . . 1 . . . EX-BIN (-10/Exiles) Combat | -11 -10 -10 -10 -9 -8 -8 -------- Run | Yrd Mat Min Exi Min Mat Gar Hostile Shots Fired 142 | . . 2 4 26 79 31 Missed 43 | . . 1 1 7 27 7 Damage Taken 2005 | . . 79 178 183 674 891 Core 577 | . . . . 24 30 523 Absorbed by Shields . | . . . . . . . Core Remaining (%) 95 | 100 . . . 90 . . Volleys Fired 53 | 13 . 6 . 11 9 14 Largest 2 | 2 . 2 . 2 2 2 Hottest 70 | 70 . 70 . 70 70 70 Shots Fired 105 | 26 . 11 1 21 18 28 Gun 37 | 26 . 11 . . . . Cannon 68 | . . . 1 21 18 28 Launcher . | . . . . . . . Special . | . . . . . . . Kinetic 87 | 13 . 6 1 21 18 28 Thermal 18 | 13 . 5 . . . . Explosive . | . . . . . . . Electromagnetic . | . . . . . . . Robot Hit Streak 6 | 4 . 4 5 6 5 3 Robot Miss Streak 6 | 3 . 2 . 3 3 6 Penetration Max . | . . . . . . . Secondary Targets . | . . . . . . . Shots Hit Robots 54 | 14 . 6 1 12 8 13 Core Hits 25 | 4 . 4 1 5 7 4 Critical Kills . | . . . . . . . Critical Parts Destroyed . | . . . . . . . Critical Strikes 1 | 1 . . . . . . Burn 1 | 1 . . . . . . Melee Attacks . | . . . . . . . Impact . | . . . . . . . Slashing . | . . . . . . . Piercing . | . . . . . . . Sneak Attacks . | . . . . . . . Combat Hostiles . | . . . . . . . Follow-up Attacks . | . . . . . . . Damage Inflicted 936 | 178 . 74 17 222 173 272 Guns 252 | 178 . 74 . . . . Cannons 684 | . . . 17 222 173 272 Explosions . | . . . . . . . Melee . | . . . . . . . Ramming . | . . . . . . . Kinetic 786 | 65 . 37 17 222 173 272 Thermal 150 | 113 . 37 . . . . Explosive . | . . . . . . . Electromagnetic . | . . . . . . . Impact . | . . . . . . . Slashing . | . . . . . . . Piercing . | . . . . . . . Highest Corruption 4 | . 4 4 4 4 . 2 Average Corruption 3 | . 3 4 4 4 . 1 Corruption Purged . | . . . . . . . Corruption Blocked . | . . . . . . . Effects 29 | . . 14 4 6 . 5 Message Errors 4 | . . 2 . 2 . . Matter Fused 4 | . . 3 . . . 1 Heat Flow Errors 4 | . . . . 1 . 3 Energy Discharges 7 | . . 4 2 1 . . Parts Fused 1 | . . . 1 . . . Data Loss (minor) 3 | . . 3 . . . . Data Loss (major) 2 | . . 1 . 1 . . Misfires 2 | . . . 1 . . 1 Weapon Failures 2 | . . 1 . 1 . . Overload Shots . | . . . . . . . Overflow Damage . | . . . . . . . Projectiles . | . . . . . . . Explosions . | . . . . . . . Melee . | . . . . . . . Knockbacks 12 | . . . . 2 3 7 Impact . | . . . . . . . Kinetic 8 | . . . . 1 2 5 Secondary 4 | . . . . 1 1 2 Self-Inflicted Damage . | . . . . . . . Shots . | . . . . . . . Rammed . | . . . . . . . Targets Rammed 1 | . . 1 . . . . Kicked 1 | . . 1 . . . . Crushed . | . . . . . . . Highest Temperature 888 | 99 . 72 . 150 234 888 Average Temperature 160 | 43 . 37 . 65 84 321 Received Heat Transfer 438 | . . 45 . 24 153 216 Effects 22 | . . . . . . 22 Shutdowns 4 | . . . . . . 4 Energy Bleed 3 | . . . . . . 3 Matter Decay 4 | . . . . . . 4 Damage (minor) 3 | . . . . . . 3 Damage (major) 3 | . . . . . . 3 Damage (core) 5 | . . . . . . 5 Siege Activations . | . . . . . . . Robots Corrupted . | . . . . . . . Combat Hostiles . | . . . . . . . Parts Fried 1 | . . . . . 1 . Impact Corruptions 1 | . . . . 1 . . Robots Melted . | . . . . . . . Combat Hostiles . | . . . . . . . Parts Melted 2 | 2 . . . . . . Heat Transferred 518 | 407 . 111 . . . . Parts Sabotaged . | . . . . . . . Parts Stolen . | . . . . . . . Parts Stripped . | . . . . . . . Power Chain Reactions . | . . . . . . . Alert | -11 -10 -10 -10 -9 -8 -8 ------- Run | Yrd Mat Min Exi Min Mat Gar Peak Influence 255 | 15 26 67 . 125 255 198 Initial 168 | . 9 9 . . 48 168 Average 54 | 4 11 30 . 35 99 170 Maximum Alert Level 1 | . . . . . 1 . Low Security (%) 98 | 100 100 100 . 100 85 100 Level 1 1 | . . . . . 14 . Level 2 . | . . . . . . . Level 3 . | . . . . . . . Level 4 . | . . . . . . . Level 5 . | . . . . . . . High Security . | . . . . . . . Max Security . | . . . . . . . Squads Dispatched 2 | . 1 . . 1 . . Investigation 2 | . 1 . . 1 . . Extermination . | . . . . . . . Reinforcement . | . . . . . . . Assault . | . . . . . . . Garrison . | . . . . . . . Intercept . | . . . . . . . Searches Triggered . | . . . . . . . Construction Impeded . | . . . . . . . Haulers Reinforced . | . . . . . . . Active Scanning Responses . | . . . . . . . Cargo Convoy Interrupts . | . . . . . . . Stealth | -11 -10 -10 -10 -9 -8 -8 --------- Run | Yrd Mat Min Exi Min Mat Gar Distress Signals 1 | . 1 . . . . . Communications Jammed . | . . . . . . . Distress Signals . | . . . . . . . Times Spotted 29 | . 1 5 2 7 12 2 Peak Tracking Total 11 | . 1 2 11 4 8 2 Tactical Retreats 3 | . . . 1 1 1 . Traps | -11 -10 -10 -10 -9 -8 -8 ------- Run | Yrd Mat Min Exi Min Mat Gar Traps Triggered 4 | . 2 . . . . 2 Indirectly . | . . . . . . . Trap Hack Attempts . | . . . . . . . Triggered . | . . . . . . . Disarmed . | . . . . . . . Reprogrammed . | . . . . . . . Reused 3 | . . . . . 3 . Traps Extracted . | . . . . . . . Installed 3 | . . . . . 3 . Triggered 3 | . . . . . 3 . Most Traps Carried 5 | . . 3 3 3 3 5 Machines | -11 -10 -10 -10 -9 -8 -8 ---------- Run | Yrd Mat Min Exi Min Mat Gar Machines Disabled . | . . . . . . . Max in Single Turn . | . . . . . . . Machines Repaired . | . . . . . . . Machines Dismantled . | . . . . . . . Machines Sabotaged . | . . . . . . . Overloaded Fab Kills . | . . . . . . . Hacking | -11 -10 -10 -10 -9 -8 -8 --------- Run | Yrd Mat Min Exi Min Mat Gar Machines Accessed 6 | . 2 . . 1 3 . Terminals 2 | . 2 . . . . . Fabricators . | . . . . . . . Repair Stations 1 | . . . . . 1 . Recycling Units . | . . . . . . . Scanalyzers 1 | . . . . . 1 . Garrison Access 1 | . . . . . 1 . Total Hacks 15 | . 10 . . 1 4 . Successful 8 | . 4 . . 1 3 . Failed 6 | . 5 . . . 1 . Catastrophic 1 | . . . . . 1 . Database Lockouts 1 | . 1 . . . . . Manual 10 | . 9 . 1 . . . Terminals 10 | . 10 . . . . . Fabricators . | . . . . . . . Repair Stations 1 | . . . . . 1 . Recycling Units . | . . . . . . . Scanalyzers 2 | . . . . . 2 . Garrison Access 1 | . . . . . 1 . Terminal Hacks 4 | . 3 . . 1 . . Robot Analysis 2 | . 2 . . . . . Open Door 1 | . . . . 1 . . Zone Layout 1 | . 1 . . . . . Fabricator Hacks . | . . . . . . . Repair Station Hacks . | . . . . . . . Recycling Unit Hacks . | . . . . . . . Scanalyzer 2 | . . . . . 2 . Insert Component 1 | . . . . . 1 . Analyze 1 | . . . . . 1 . Garrison Access Hacks 1 | . . . . . 1 . Unlock Access 1 | . . . . . 1 . Unauthorized Hacks 1 | . 1 . . . . . Terminals 1 | . 1 . . . . . Botnet 1 | . 1 . . . . . Fabricators . | . . . . . . . Repair Stations . | . . . . . . . Recycling Units . | . . . . . . . Scanalyzers . | . . . . . . . Garrison Access . | . . . . . . . Data Cores Recovered . | . . . . . . . Used . | . . . . . . . Hacking Detections 5 | . 2 . . . 3 . Full Trace Events 1 | . 1 . . . . . Feedback Events . | . . . . . . . Feedback Blocked . | . . . . . . . Robot Schematics Acquired . | . . . . . . . Robots Built . | . . . . . . . Authchips . | . . . . . . . Time . | . . . . . . . Total Robot Build Rating . | . . . . . . . Part Schematics Acquired 1 | . . . . . 1 . Parts Built . | . . . . . . . Authchips . | . . . . . . . Time . | . . . . . . . Total Part Build Rating . | . . . . . . . Parts Repaired . | . . . . . . . Time . | . . . . . . . Parts Recycled . | . . . . . . . Recycled Matter . | . . . . . . . Retrieved Matter . | . . . . . . . Retrieved Components . | . . . . . . . Parts Scanalyzed 1 | . . . . . 1 . Part Schematics Acquired 1 | . . . . . 1 . Parts Damaged . | . . . . . . . Bothacking | -11 -10 -10 -10 -9 -8 -8 ------------ Run | Yrd Mat Min Exi Min Mat Gar Used RIF Installer . | . . . . . . . Robots Hacked . | . . . . . . . Non-combat . | . . . . . . . Combat . | . . . . . . . Robot Hacks Applied . | . . . . . . . Relay Couplers Released . | . . . . . . . Fabnet Peak Effective % . | . . . . . . . Robots Rewired . | . . . . . . . Allies Hacked . | . . . . . . . Hacks Repelled . | . . . . . . . Allies | -11 -10 -10 -10 -9 -8 -8 -------- Run | Yrd Mat Min Exi Min Mat Gar Total Allies 3 | . . 3 . . . . Largest Group 3 | . . 3 3 . . . Highest-Rated Group 40 | . . 40 40 . . . Highest-Rated Ally 16 | . . 16 16 . . . Total Orders . | . . . . . . . Ally Attacks 37 | . . 21 16 . . . Total Damage 387 | . . 242 145 . . . Kills 6 | . . 4 2 . . . Allies Corrupted . | . . . . . . . Allies Melted . | . . . . . . . Intel | -11 -10 -10 -10 -9 -8 -8 ------- Run | Yrd Mat Min Exi Min Mat Gar Robot Analysis Total 2 | . 2 . . . . . Derelict Logs Recovered 2 | . . 2 . . . . Drone Launches . | . . . . . . . Drone Recoveries . | . . . . . . . Exploration | -11 -10 -10 -10 -9 -8 -8 ------------- Run | Yrd Mat Min Exi Min Mat Gar Turns Passed 2000 | 114 277 679 267 213 205 245 Spaces Moved 1414 | 62 182 535 226 183 145 81 Core 18 | 18 . . . . . . Treads . | . . . . . . . Legs 1396 | 44 182 535 226 183 145 81 Wheels . | . . . . . . . Hover . | . . . . . . . Flight . | . . . . . . . Fastest Speed 45 | 50 120 120 45 90 45 45 Average Speed 109 | 99 120 121 105 90 107 80 Slowest Speed 190 | 120 120 190 190 90 170 90 Overloaded Moves 152 | . . . 40 . 94 18 Propulsion Burnouts . | . . . . . . . Robots Hopped . | . . . . . . . Cave-ins Triggered . | . . . . . . . Exploration Rate (%) 37 | 4 32 85 61 46 20 17 Regions Visited 6 Branch Regions 3 Pre-discovered Areas 2 | . . 2 . . . . Known Exits Taken 1 | . . . . . 1 . Unknown Exits Taken 5 | 1 1 1 1 1 . . Scrap Searched 2 | . . 1 . 1 . . Spaces Dug . | . . . . . . . Terrain Destroyed . | . . . . . . . Melee . | . . . . . . . Projectile . | . . . . . . . AOE . | . . . . . . . Terrain Rammed . | . . . . . . . Walls Destroyed . | . . . . . . . Machines Disabled . | . . . . . . . Actions | -11 -10 -10 -10 -9 -8 -8 --------- Run | Yrd Mat Min Exi Min Mat Gar Total 1767 | 88 239 555 257 213 180 235 Wait 200 | . 50 1 14 . . 135 Move 1409 | 61 181 534 225 182 145 81 Hop . | . . . . . . . Pick Up 44 | 7 4 8 5 9 6 5 Fast Attach 1 | . . . 1 . . . Attach 24 | 7 . 2 6 1 8 . Detach 4 | . . 1 . . 3 . Swap 4 | . 3 . . 1 . . Drop 24 | . 1 2 6 9 6 . Fire 53 | 13 . 6 . 11 9 14 Melee . | . . . . . . . Ram . | . . . . . . . Kick 1 | . . 1 . . . . Crush . | . . . . . . . Escape Stasis . | . . . . . . . Rewire . | . . . . . . . Trap 3 | . . . . . 3 . Miscellaneous . | . . . . . . . Route ------- -11/Scrapyard -10/Materials (discovered 2 exits: *Mat / [*Min]) -10/Mines (discovered 3 exits: *Mat x2 / *Exi) -10/Exiles -9/Mines -8/Materials -8/Garrison History --------- Turn | Location | Event 9 | -11/Scrapyard | Discovered new exit (range 15) 115 | -11/Scrapyard | Entered Materials 223 | -10/Materials | Met 8R-AWN 264 | -10/Materials | Discovered new exit (range 8) 308 | -10/Materials | Build established: Mutant 362 | -10/Materials | Discovered new exit (range 5) 368 | -10/Materials | Central database locked down 392 | -10/Materials | Entered Mines 393 | -10/Mines | Followed 8R-AWN into the Mines 425 | -10/Mines | Assisted by bots powering up and referring to "LRC-V3" 444 | -10/Mines | Found a hidden stash of uninstalled traps 486 | -10/Mines | Identified exit to Materials 539 | -10/Mines | Assembled infested the area 690 | -10/Mines | Discovered exit to Materials (range 11) 977 | -10/Mines | Learned location of Storage (-7) 1065 | -10/Mines | Discovered new exit (range 5) 1071 | -10/Mines | Entered Exiles 1071 | -10/Exiles | Accompanied by 3 allies 1101 | -10/Exiles | Welcomed by 8R-AWN 1119 | -10/Exiles | Met EX-HEX 1154 | -10/Exiles | Met EX-BIN 1177 | -10/Exiles | Aligned with FarCom system 1178 | -10/Exiles | Given EX-Vault access code 1228 | -10/Exiles | Opened EX-Vault 1242 | -10/Exiles | Found Prototype Energy Cannon 1243 | -10/Exiles | Identified Latent Energy Streamer 1251 | -10/Exiles | Found Prototype Slashing Weapon 1252 | -10/Exiles | Identified Longsword +1 1254 | -10/Exiles | Found Prototype Leg 1258 | -10/Exiles | Identified Potential Leg 1259 | -10/Exiles | Found Potential Leg 1285 | -10/Exiles | Warned to stay clear of 0b10 Research branches 1312 | -10/Exiles | Met EX-DEC 1315 | -10/Exiles | Attacked by the Exiles 1335 | -10/Exiles | Discovered new exit (range 10) 1338 | -10/Exiles | Left Exiles lab with Potential Leg 1338 | -10/Exiles | Entered Mines 1349 | -9/Mines | Met a Derelict shopkeep closing up shop 1547 | -9/Mines | Discovered new exit (range 5) 1551 | -9/Mines | Entered Materials 1551 | -8/Materials | Evolved 4 slots: Utility x4 1756 | -8/Materials | Identified exit to Garrison 1756 | -8/Materials | Entered Garrison 1912 | -8/Garrison | Triggered checkpoint 1988 | -8/Garrison | Core integrity fell below 50% 2000 | -8/Garrison | Core integrity fell below 20% 2002 | -8/Garrison | Core destroyed Last Messages --------------- 01977_ Overheating: Energy bleed (-72). 01978_ Overheating: Med. Storage Unit damaged (-105). 01978_ Overheating: Kinecellerator damaged (-12). 01979_ Power failure, Rnf. Deuterium Engine shutdown. 01980_ Overheating: Core damaged (-99). 01981_ Overheating: Potential Leg damaged (-10). 01982_ Overheating: Matter decay (-18). 01982_ G-47 Trooper knocked back. 01987_ Power failure, Rnf. Deuterium Engine shutdown. 01988_ Overheating: Core damaged (-99). 01990_ Overheating: Potential Leg damaged (-11). 01991_ Overheating: Matter decay (-14). 01993_ Overheating: Core damaged (-82). 01993_ Lgt. Cannon destroyed. 01994_ Overheating: Matter decay (-27). 01994_ G-47 Trooper destroyed. 01995_ Power failure, Rnf. Deuterium Engine shutdown. 02000_ Overheating: Core damaged (-82). 02001_ Power failure, Rnf. Deuterium Engine shutdown. 02002_ Overheating: Core damaged (-93). Map ----- +----------------------------------------------------+ | ??????????????????????????????????????????????? | | ??????????????????????????????????????????????? | | ??????????????????????????????????????????????? | | ??????????????????????????????????????????????? | | ??????????????????????????????????????????????? | | ??????????????????????????????????????????????? | | ??????????????????????????????????????????????? | | ??????????????????????????????????????????????? | | ??????????????????????????????????????????????? | | ??????????????????????????????????????????????? | | ??????????????????????????????????????????????? | | ??????????????????????????????????????????????? | | ??????????????????????????????????????????????? | | ??????????????????????????????????????????????? | | ??????????#####???????????????????????????????? | | ?????????? ???????????????????????????????? | | ??????????? ???????????????????????????????? | | ??????????? #??????????????????????????????? | | ???????????# #??????????????????????????????? | | ???????????# #??????????????????????????????? | | ???????????# #??????????????????????????????? | | ???????????# #??????????????????????????????? | | ???????????# ######??#######????????????????? | | ???????????# ## %#??#"""""#????????????????? | | ???????????# ## ##### ###???????????????? | | ???????????# % %= %@ #???????????????? | | ???????????# % %% #???????????????? | | ???????????# ################???????????????? | | ???????????# #??????????????????????????????? | | ???????????# #?###########??????????????????? | | ???????????# #?# "&&" "&&"??????????????????? | | ???????????# #?# &&" &&"??????????????????? | | ???????????# ### ""#?????????????????? | | ???????????# ## #?????????????????? | | ???????????# % # ""#?????????????????? | | ???????????# &# ^ #?????????????????? | | ???????????# ## &&# #?????????????????? | | ???????????# ## & # ""#?????????????????? | | ???????????# ## #?????????????????? | | ???????????# ### "" """"#?????????????????? | | ???????????# #?# "&&" "?????????????????????? | | ???????????# #?# "&&" "?????????????????????? | | ???????????# #?########?????????????????????? | | ???????????# #??????????????????????????????? | | ???????????# #??????????????????????????????? | | ???????????# #??????????????????????????????? | | ???????????# ###????????????????????????????? | | ???????????# #????????????????????????????? | | ???????????# #????????????????????????????? | | ???????????# #????????????????????????????? | +----------------------------------------------------+ Best States ------------- Heat Dissipation 31 Energy Generation 16 Energy Capacity 290 Matter Stores 300 Matter Capacity 300 Sight Range 16 Terrain Scan Density 10 Armor Coverage 825 Evasion (%) 61 Kinecelleration 30 Item Schematics ----------------- Hrd. Heavy Armor Plating | -8/Materials | Scanalyzed Robot Schematics ------------------ None Fabricated ------------ Nothing Alien Tech Used ----------------- None Achievements -------------- None Challenges ------------ None Game ------ Seed FieldSpreadSuite Manual? 0 Play Time 00:26:12 Cumulative 52.1 hours Start 2024.07.30 @ 21:09:59 End 2024.07.30 @ 21:34:23 Sessions 1 Manual Loads 0 Difficulty Rogue Special Mode None Game No. 88 Rogue 88 Adventurer 0 Explorer 0 Win Type - Total 0 Types 0/0/0/0/0/0/0/0/0 Lore% 27 Gallery% 36 Achievement% 30 Wizard Run 0 Options --------- Layout 0 ASCII 0 Keyboard 0 Movement Mouse Keybinds 0 Fullscreen 2 Font 18/SmallcapsGlow Map View 38x25 Zoom Use 93% Tactical HUD 1 Map Filters NONE Filters NONE Steam 1 RUN: bed604f4-9c40-446c-954c-367aa79e92e2